 Dungeon Crawl Stone Soup version 0.23.2-40-g277498a001 (webtiles) character file.

Game seed: 6739417883807925269

354 DenSaoPin the Covered (level 6, -5/53 HPs)
             Began as a Minotaur Fighter on Oct 20, 2019.
             Was a Follower of Okawaru.
             Slain by an ogre
             ... wielding a +0 giant spiked club
              (24 damage)
             ... on level 4 of the Dungeon.
             The game lasted 00:06:40 (3000 turns).

DenSaoPin the Covered (Minotaur Fighter)            Turns: 3000, Time: 00:06:40

Health: -5/53      AC: 14    Str: 21    XL:     6   Next: 35%
Magic:  6/6        EV:  4    Int:  5    God:    Okawaru [*.....]
Gold:   178        SH: 10    Dex: 11    Spells: 5/5 levels left

rFire    . . .     SeeInvis .   a - +0 war axe
rCold    . . .     Gourm    .   c - +0 shield
rNeg     . . .     Faith    .   v - +1 plate armour {rPois}
rPois    +         Spirit   .   (helmet restricted)
rElec    .         Reflect  .   (no cloak)
rCorr    .         Harm     .   (no gloves)
MR       .....                  m - +0 pair of boots
Stlth    ..........             (no amulet)
HPRegen  0.17/turn              (no ring)
MPRegen  0.10/turn              (no ring)

@: no status effects
A: retaliatory headbutt, horns 2
a: Heroism, Renounce Religion


You were on level 4 of the Dungeon.
You worshipped Okawaru.
Okawaru was aware of your devotion.
You were not hungry.

You visited 1 branch of the dungeon, and saw 4 of its levels.

You collected 178 gold pieces.

Inventory:

Hand Weapons
 a - a +0 war axe (weapon)
 h - a +3 dagger
 t - a +2 flail of holy wrath
Armour
 b - a +0 scale mail
 c - a +0 shield (worn)
 m - a +0 pair of boots (worn)
 v - a +1 plate armour of poison resistance (worn)
Jewellery
 l - an uncursed ring of stealth {unknown}
Scrolls
 e - 4 scrolls of teleportation {unknown}
 g - 8 scrolls of remove curse {unknown}
 j - 6 scrolls of identify {unknown}
 k - a scroll of amnesia {unknown}
 n - a scroll of fog {unknown}
 o - 2 scrolls of enchant armour {unknown}
 s - a scroll of magic mapping {unknown}
 u - a scroll of enchant weapon {unknown}
 w - 2 scrolls of immolation {unknown}
Potions
 d - a potion of might
 i - 2 potions of curing {unknown}
 p - 2 potions of heal wounds {unknown}
 q - 3 potions of berserk rage {unknown}
 r - a potion of degeneration {unknown}
Comestibles
 f - 10 rations


   Skills:
 - Level 4.7 Fighting
 + Level 4.8 Axes
 + Level 5.5 Armour
 - Level 4.7 Shields
 + Level 2.0 Invocations


You had 5 spell levels left.
You didn't know any spells.
Your spell library was empty.

Dungeon Overview and Level Annotations

Branches:
Dungeon (4/15)
 Temple: D:4-7

Altars:
Fedhas
Okawaru
Xom
Zin


Innate Abilities, Weirdness & Mutations

You reflexively headbutt those who attack you in melee.
You have a pair of horns on your head.


Message History

Found 18 stones.
An ogre comes into view. It is wielding a +0 giant spiked club.
The ogre shouts!
Found a stone staircase leading up.
The ogre hits you with a +0 giant spiked club!
Your shield prevents you from hitting the ogre.
You block the ogre's attack.
You hit the ogre.
The ogre is lightly wounded.
The ogre hits you with a +0 giant spiked club!!
You slash the ogre!
The ogre is moderately wounded.
You block the ogre's attack.
You hit the ogre.
The ogre is severely wounded.
You block the ogre's attack.
You hit the ogre but do no damage.
The ogre is severely wounded.
The ogre hits you with a +0 giant spiked club!!
You die...

..........รท..........#
###...##.............#
.....................#
###...#........#######
........#...........#
....................#
.................>..#
....................#
................@...#
................O....#
.....................#
...................(.#
........ ....<.......#
..####.# .......#+####
..### # ....... ....##.
....... #......


You could see an ogre.

Vanquished Creatures
  A phantom (D:4)
  A hound (D:4)
  3 worker ants (D:4)
  4 adders
  2 adder skeletons (D:4)
  4 dart slugs
  4 leopard geckos
  13 orcs
  15 bats
  4 giant cockroaches
  13 goblins
  13 hobgoblins
  2 jackals (D:3)
  A quokka (D:4)
  A ball python (D:3)
  4 frilled lizards
  A jackal skeleton (D:4)
  4 kobolds
  8 rats
98 creatures vanquished.

Notes
Turn   | Place    | Note
-------+----------+-------------------------------------------
     0 | D:1      | DenSaoPin the Minotaur Fighter began the quest for the Orb.
     0 | D:1      | Reached XP level 1. HP: 19/19 MP: 0/0
   437 | D:1      | Reached XP level 2. HP: 25/27 MP: 1/1
   513 | D:1      | Reached skill level 4 in Armour
   804 | D:1      | Reached XP level 3. HP: 30/33 MP: 2/2
  1504 | D:2      | Found a shimmering altar of Xom.
  1504 | D:2      | Found a glowing silver altar of Zin.
  1504 | D:2      | Noticed an angel
  1609 | D:2      | Reached XP level 4. HP: 38/40 MP: 3/3
  1614 | D:2      | Found a blossoming altar of Fedhas.
  2329 | D:3      | Found an iron altar of Okawaru.
  2337 | D:3      | Became a worshipper of Warmaster Okawaru
  2607 | D:3      | Found a faded altar of an unknown god.
  2688 | D:4      | Reached XP level 5. HP: 46/47 MP: 4/4
  2724 | D:4      | Noticed a phantom
  2729 | D:4      | Reached skill level 5 in Armour
  2729 | D:4      | Reached skill level 1 in Invocations
  2746 | D:4      | Killed a phantom
  2746 | D:4      | Reached * piety under Okawaru
  2746 | D:4      | Reached XP level 6. HP: 53/53 MP: 4/6
  3000 | D:4      | Slain by an ogre

Skill      XL: |  1  2  3  4  5  6 |
---------------+-------------------+-----
Shields        | 4 |  4.7
Armour         | 4 5 |  5.5
Fighting       | 4 |  4.7
Axes           | 3 4 |  4.8
Invocations    | 1 2 |  2.0

Action                   |  1- 3 |  4- 6 || total
-------------------------+-------+-------++-------
Melee: War axe           |   101 |   142 ||   243
       Headbutt          |    11 |    18 ||    29
  Eat: Chunk             |     2 |     5 ||     7
Armor: Scale mail        |    63 |    44 ||   107
       Plate armour      |       |    32 ||    32
Dodge: Dodged            |    40 |    35 ||    75
Block: Shield            |    75 |   103 ||   178
